| TOP OF THE 1ST |
|
West Michigan Whitecaps batting - Pitching for Bowling Green Hot Rods : RHP Ryan Van Riper
|
|
Pitching: RHP Ryan Van Riper
|
|
|
Batting: LHB Timotheus Young
|
0-0: Called Strike 0-1: Ball 1-1: Ball 2-1: Swinging Strike 2-2: Foul Ball, location: 2F 2-2: Ground out 3-1 (Groundball, 13, EV 83.1 MPH)
|
|
Batting: RHB Yankel Pensak
|
0-0: Fly out, F7 (Flyball, 78S, EV 90.0 MPH)
|
|
Batting: RHB Ernst Meloche
|
0-0: SINGLE (Groundball, 4MS, EV 65.6 MPH) (infield hit)
|
|
Batting: LHB Brad Gaskill
|
0-0: Ground out U3 (Groundball, 3, EV 93.8 MPH)
|
| Top of the 1st over - 0 runs, 1 hit, 0 errors, 1 left on base; West Michigan 0 - Bowling Green 0 |
| BOTTOM OF THE 1ST |
|
Bowling Green Hot Rods batting - Pitching for West Michigan Whitecaps : RHP Luke Totzke
|
|
Pitching: RHP Luke Totzke
|
|
|
Batting: LHB Sean Banks
|
0-0: Called Strike 0-1: Swinging Strike 0-2: Ball 1-2: Strikes out swinging
|
|
Batting: RHB John Downing
|
0-0: Ball 1-0: Ground out 4-3 (Groundball, 4, EV 88.8 MPH)
|
|
Batting: LHB Rocky Crowley
|
0-0: Ball 1-0: Swinging Strike 1-1: Ball 2-1: Ground out 6-3 (Groundball, 6, EV 84.4 MPH)
|
| Bottom of the 1st over - 0 runs, 0 hits, 0 errors, 0 left on base; West Michigan 0 - Bowling Green 0 |
| TOP OF THE 2ND |
|
West Michigan Whitecaps batting - Pitching for Bowling Green Hot Rods : RHP Ryan Van Riper
|
|
Batting: RHB Juan Acero
|
0-0: Ball 1-0: Called Strike 1-1: Ball 2-1: Foul Ball, location: 2F 2-2: Strikes out swinging
|
|
Batting: RHB Jose Evangelista
|
0-0: Foul Ball, location: 2F 0-1: TRIPLE (Flyball, 89XD, EV 110.6 MPH)
|
|
Batting: RHB Joe Zimmerman
|
0-0: Foul Ball, location: 2F 0-1: Ball 1-1: Ball 2-1: Fly out, F9 (Flyball, 89S, EV 89.4 MPH)
|
|
Batting: SHB Ian Arlotta
|
0-0: Foul Ball, location: 2F 0-1: Foul Ball, location: 2F 0-2: Ball 1-2: Foul Ball, location: 2F 1-2: Ball 2-2: Foul Ball, location: 2F 2-2: Ground out 6-3 (Groundball, 6, EV 88.8 MPH)
|
| Top of the 2nd over - 0 runs, 1 hit, 0 errors, 1 left on base; West Michigan 0 - Bowling Green 0 |
| BOTTOM OF THE 2ND |
|
Bowling Green Hot Rods batting - Pitching for West Michigan Whitecaps : RHP Luke Totzke
|
|
Batting: SHB Luis Verduzco
|
0-0: Ground out 4-3 (Groundball, 4, EV 109.4 MPH)
|
|
Batting: RHB Tim Dower
|
0-0: Ball 1-0: Ball 2-0: Ball 3-0: Called Strike 3-1: Swinging Strike 3-2: Foul Ball, location: 2F 3-2: Foul Ball, location: 2F 3-2: Foul Ball, location: 2F 3-2: SINGLE (Groundball, 34S, EV 71.9 MPH) (infield hit)
|
|
Batting: RHB Jim Erdody
|
0-0: Ball 1-0: Fielders Choice at 2nd, 5-4 (Groundball, 56, EV 78.8 MPH)
|
|
Batting: RHB Bazyli Andrysiak
|
0-0: Foul Ball, location: 2F 0-1: Ball 1-1: Ball 2-1: SINGLE (Groundball, 6, EV 110.6 MPH) Jim Erdody to second
|
|
Batting: LHB Eduardo Lopez
|
0-0: Foul Ball, location: 2F 0-1: Ball 1-1: Called Strike 1-2: Ball 2-2: Ball 3-2: Strikes out swinging
|
| Bottom of the 2nd over - 0 runs, 2 hits, 0 errors, 2 left on base; West Michigan 0 - Bowling Green 0 |
| TOP OF THE 3RD |
|
West Michigan Whitecaps batting - Pitching for Bowling Green Hot Rods : RHP Ryan Van Riper
|
|
Batting: RHB Jordan Hall
|
0-0: Ball 1-0: Ball 2-0: Foul Ball, location: 2F 2-1: Foul Ball, location: 2F 2-2: Strikes out swinging
|
|
Batting: LHB Timotheus Young
|
0-0: Ball 1-0: Foul Ball, location: 2F 1-1: Called Strike 1-2: Ball 2-2: Strikes out swinging
|
|
Batting: RHB Yankel Pensak
|
0-0: Ball 1-0: Ball 2-0: Foul Ball, location: 2F 2-1: Foul Ball, location: 2F 2-2: Strikes out swinging
|
| Top of the 3rd over - 0 runs, 0 hits, 0 errors, 0 left on base; West Michigan 0 - Bowling Green 0 |
| BOTTOM OF THE 3RD |
|
Bowling Green Hot Rods batting - Pitching for West Michigan Whitecaps : RHP Luke Totzke
|
|
Batting: RHB Dave Valdez
|
0-0: Ground out 4-3 (Groundball, 4, EV 105.0 MPH)
|
|
Batting: LHB Sean Banks
|
0-0: Called Strike 0-1: Ball 1-1: Foul Ball, location: 2F 1-2: Ball 2-2: Strikes out swinging
|
|
Batting: RHB John Downing
|
0-0: Fly out, F8 (Line Drive, 8LD, EV 87.5 MPH)
|
| Bottom of the 3rd over - 0 runs, 0 hits, 0 errors, 0 left on base; West Michigan 0 - Bowling Green 0 |
| TOP OF THE 4TH |
|
West Michigan Whitecaps batting - Pitching for Bowling Green Hot Rods : RHP Ryan Van Riper
|
|
Batting: RHB Ernst Meloche
|
0-0: Called Strike 0-1: Ball 1-1: Foul Ball, location: 2F 1-2: Strikes out swinging
|
|
Batting: LHB Brad Gaskill
|
0-0: DOUBLE (Line Drive, 9LS, EV 113.1 MPH)
|
|
Batting: RHB Juan Acero
|
0-0: Ball 1-0: Foul Ball, location: 2F 1-1: Called Strike 1-2: Strikes out swinging
|
|
Batting: RHB Jose Evangelista
|
0-0: Called Strike 0-1: Ground out U3 (Groundball, 3, EV 79.4 MPH)
|
| Top of the 4th over - 0 runs, 1 hit, 0 errors, 1 left on base; West Michigan 0 - Bowling Green 0 |
| BOTTOM OF THE 4TH |
|
Bowling Green Hot Rods batting - Pitching for West Michigan Whitecaps : RHP Luke Totzke
|
|
Batting: LHB Rocky Crowley
|
0-0: Swinging Strike 0-1: Ball 1-1: Called Strike 1-2: Foul Ball, location: 2F 1-2: Ground out 5-3 (Groundball, 56, EV 78.1 MPH)
|
|
Batting: SHB Luis Verduzco
|
0-0: Foul Ball, location: 2F 0-1: Foul Ball, location: 2F 0-2: Fly out, F6 (Popup, 6, EV 50.6 MPH)
|
|
Batting: RHB Tim Dower
|
0-0: Called Strike 0-1: Foul Ball, location: 2F 0-2: Strikes out swinging
|
| Bottom of the 4th over - 0 runs, 0 hits, 0 errors, 0 left on base; West Michigan 0 - Bowling Green 0 |
| TOP OF THE 5TH |
|
West Michigan Whitecaps batting - Pitching for Bowling Green Hot Rods : RHP Ryan Van Riper
|
|
Batting: RHB Joe Zimmerman
|
0-0: Reached on error, E4 (Groundball, 4, EV 106.2 MPH)
|
|
Batting: SHB Ian Arlotta
|
0-0: Ball 1-0: Called Strike 1-1: Called Strike Joe Zimmerman is caught stealing 2nd base 2-6 1-2: Foul Ball, location: 2F 1-2: Strikes out swinging
|
|
Batting: RHB Jordan Hall
|
0-0: Called Strike 0-1: Foul Ball, location: 2F 0-2: Ball 1-2: Strikes out swinging
|
| Top of the 5th over - 0 runs, 0 hits, 1 error, 0 left on base; West Michigan 0 - Bowling Green 0 |
| BOTTOM OF THE 5TH |
|
Bowling Green Hot Rods batting - Pitching for West Michigan Whitecaps : RHP Luke Totzke
|
|
Batting: RHB Jim Erdody
|
0-0: Ball 1-0: Called Strike 1-1: Called Strike 1-2: Strikes out swinging
|
|
Batting: RHB Bazyli Andrysiak
|
0-0: Ball 1-0: Ground out 4-3 (Groundball, 4, EV 97.5 MPH)
|
|
Batting: LHB Eduardo Lopez
|
0-0: Ball 1-0: Swinging Strike 1-1: Called Strike 1-2: Ball 2-2: Foul Ball, location: 2F 2-2: SINGLE (Groundball, 5S, EV 75.6 MPH) (infield hit)
|
|
Batting: RHB Dave Valdez
|
0-0: Ball 1-0: Ball 2-0: Called Strike 2-1: Foul Ball, location: 2F 2-2: Ball 3-2: Strikes out swinging
|
| Bottom of the 5th over - 0 runs, 1 hit, 0 errors, 1 left on base; West Michigan 0 - Bowling Green 0 |
| TOP OF THE 6TH |
|
West Michigan Whitecaps batting - Pitching for Bowling Green Hot Rods : RHP Ryan Van Riper
|
|
Batting: LHB Timotheus Young
|
0-0: Called Strike 0-1: Ball 1-1: Foul Ball, location: 2F 1-2: Ball 2-2: Ball 3-2: Base on Balls
|
|
Batting: RHB Yankel Pensak
|
0-0: Foul Ball, location: 2F 0-1: Called Strike Timotheus Young is caught stealing 2nd base 2-4 0-2: Ground out U3 (Groundball, 3, EV 90.0 MPH)
|
|
Batting: RHB Ernst Meloche
|
0-0: Ball 1-0: Ball 2-0: Ball 3-0: Base on Balls
|
|
Batting: LHB Brad Gaskill
|
0-0: Swinging Strike 0-1: Ball 1-1: Ball 2-1: Ball 3-1: Foul Ball, location: 2F 3-2: Base on Balls Ernst Meloche to second
|
|
Batting: RHB Juan Acero
|
0-0: Ball 1-0: Called Strike 1-1: Called Strike 1-2: Ball 2-2: Strikes out swinging
|
| Top of the 6th over - 0 runs, 0 hits, 0 errors, 2 left on base; West Michigan 0 - Bowling Green 0 |
| BOTTOM OF THE 6TH |
|
Bowling Green Hot Rods batting - Pitching for West Michigan Whitecaps : RHP Luke Totzke
|
|
Batting: LHB Sean Banks
|
0-0: Fly out, F3 (Popup, 3SF, EV 81.9 MPH)
|
|
Batting: RHB John Downing
|
0-0: Ball 1-0: Foul Ball, location: 2F 1-1: Ball 2-1: Fly out, F9 (Line Drive, 89M, EV 88.1 MPH)
|
|
Batting: LHB Rocky Crowley
|
0-0: Called Strike 0-1: Ball 1-1: Swinging Strike 1-2: Ball 2-2: Ball 3-2: Foul Ball, location: 2F 3-2: Foul Ball, location: 2F 3-2: Base on Balls
|
|
Batting: SHB Luis Verduzco
|
0-0: Foul Ball, location: 2F 0-1: Swinging Strike 0-2: Ball 1-2: Strikes out swinging
|
| Bottom of the 6th over - 0 runs, 0 hits, 0 errors, 1 left on base; West Michigan 0 - Bowling Green 0 |
| TOP OF THE 7TH |
|
West Michigan Whitecaps batting - Pitching for Bowling Green Hot Rods : RHP Ryan Van Riper
|
|
Batting: RHB Jose Evangelista
|
0-0: Called Strike 0-1: Ball 1-1: Swinging Strike 1-2: Fly out, F7 (Flyball, 7, EV 88.8 MPH)
|
|
Batting: RHB Joe Zimmerman
|
0-0: Ball 1-0: Ball 2-0: Ball 3-0: Base on Balls
|
|
Batting: SHB Ian Arlotta
|
0-0: Ball 1-0: Called Strike 1-1: Foul Ball, location: 2F 1-2: Ball 2-2: Ball Joe Zimmerman steals 2nd base (no throw) 3-2: Base on Balls
|
|
Pitching: LHP Brian Kelly
|
|
|
Batting: RHB Jordan Hall
|
0-0: Called Strike 0-1: DOUBLE (Groundball, 5L, EV 105.0 MPH) Joe Zimmerman scores Ian Arlotta to third
|
|
Batting: LHB Timotheus Young
|
0-0: Called Strike 0-1: Ball 1-1: Called Strike 1-2: Strikes out swinging
|
|
Batting: RHB Yankel Pensak
|
0-0: Swinging Strike 0-1: Swinging Strike 0-2: Ball 1-2: Ball 2-2: Strikes out swinging
|
| Top of the 7th over - 1 run, 1 hit, 0 errors, 2 left on base; West Michigan 1 - Bowling Green 0 |
| BOTTOM OF THE 7TH |
|
Bowling Green Hot Rods batting - Pitching for West Michigan Whitecaps : RHP Luke Totzke
|
|
Batting: RHB Tim Dower
|
0-0: Called Strike 0-1: Swinging Strike 0-2: Foul Ball, location: 2F 0-2: Ball 1-2: Foul Ball, location: 2F 1-2: Strikes out swinging
|
|
Batting: RHB Jim Erdody
|
0-0: Ground out 4-3 (Groundball, 4, EV 85.6 MPH)
|
|
Batting: RHB Bazyli Andrysiak
|
0-0: Ball 1-0: Called Strike 1-1: Called Strike 1-2: Foul Ball, location: 2F 1-2: Foul Ball, location: 2F 1-2: Ball 2-2: Fly out, F9 (Flyball, 89D, EV 86.2 MPH)
|
| Bottom of the 7th over - 0 runs, 0 hits, 0 errors, 0 left on base; West Michigan 1 - Bowling Green 0 |
| TOP OF THE 8TH |
|
West Michigan Whitecaps batting - Pitching for Bowling Green Hot Rods : LHP Brian Kelly
|
|
Batting: RHB Ernst Meloche
|
0-0: Foul Ball, location: 2F 0-1: Ball 1-1: Foul Ball, location: 2F 1-2: Ball 2-2: Ground out 3-1 (Groundball, 34, EV 109.4 MPH)
|
|
Batting: RHB Aaron Cusick
|
0-0: Ground out 5-3 (Groundball, 5, EV 87.5 MPH)
|
|
Batting: RHB Juan Acero
|
0-0: Foul Ball, location: 2F 0-1: Ball 1-1: Ball 2-1: Foul Ball, location: 2F 2-2: Ball 3-2: Strikes out swinging
|
| Top of the 8th over - 0 runs, 0 hits, 0 errors, 0 left on base; West Michigan 1 - Bowling Green 0 |
| BOTTOM OF THE 8TH |
|
Bowling Green Hot Rods batting - Pitching for West Michigan Whitecaps : RHP Luke Totzke
|
|
Pitching: RHP Chris Kimura
|
|
|
Batting: LHB Eduardo Lopez
|
0-0: SINGLE (Groundball, 4MD, EV 94.4 MPH)
|
|
Pinch Hitting: LHB Angel Ruvalcaba
|
0-0: Grounds into double play, 6-4-3 (Groundball, 56, EV 95.0 MPH)
|
|
Batting: LHB Sean Banks
|
0-0: Ball 1-0: Called Strike 1-1: Foul Ball, location: 2F 1-2: Foul Ball, location: 2F 1-2: Fly out, F2 (Popup, 2LF, EV 86.9 MPH)
|
| Bottom of the 8th over - 0 runs, 1 hit, 0 errors, 0 left on base; West Michigan 1 - Bowling Green 0 |
| TOP OF THE 9TH |
|
West Michigan Whitecaps batting - Pitching for Bowling Green Hot Rods : LHP Brian Kelly
|
|
Pitching: RHP Al Speer
|
|
|
Now at 2B: Jesus Carrillo
|
|
|
Batting: RHB Jose Evangelista
|
0-0: Foul Ball, location: 2F 0-1: Called Strike 0-2: DOUBLE (Line Drive, 3D, EV 96.2 MPH)
|
|
Batting: RHB Joe Zimmerman
|
0-0: Ball 1-0: Called Strike 1-1: Swinging Strike 1-2: Ball 2-2: Ball 3-2: Ground out 5-3 (Groundball, 56, EV 86.9 MPH)
|
|
Batting: SHB Ian Arlotta
|
0-0: Called Strike 0-1: Ball 1-1: Ground out U3 (Groundball, 34S, EV 86.9 MPH) Jose Evangelista to third
|
|
Batting: RHB Jordan Hall
|
0-0: Ball Wild Pitch! Jose Evangelista scores 1-0: Ball 2-0: Ball 3-0: Called Strike 3-1: Foul Ball, location: 2F 3-2: Foul Ball, location: 2F 3-2: Strikes out looking
|
| Top of the 9th over - 1 run, 1 hit, 0 errors, 0 left on base; West Michigan 2 - Bowling Green 0 |
| BOTTOM OF THE 9TH |
|
Bowling Green Hot Rods batting - Pitching for West Michigan Whitecaps : RHP Chris Kimura
|
|
Batting: RHB John Downing
|
0-0: Called Strike 0-1: Ball 1-1: Ground out 5-3 (Groundball, 56S, EV 61.2 MPH)
|
|
Batting: LHB Rocky Crowley
|
0-0: Ball 1-0: Foul Ball, location: 2F 1-1: Foul Ball, location: 2F 1-2: Ball 2-2: Ball 3-2: Ground out 4-3 (Groundball, 4S, EV 81.2 MPH)
|
|
Batting: SHB Luis Verduzco
|
0-0: Ball 1-0: Ball 2-0: Called Strike 2-1: Ball 3-1: Fly out, F9 (Line Drive, 9LS, EV 105.0 MPH)
|
| Bottom of the 9th over - 0 runs, 0 hits, 0 errors, 0 left on base; West Michigan 2 - Bowling Green 0 |
|